 Dungeon Crawl Stone Soup version 0.28-b1-1-g3c77fb2ed1 (webtiles) character file.

Game seed: 2804702782764635818

9 RascalDebosk the Conjurer (level 2, -1/22 HPs)
             Began as a Draconian Conjurer on Jan 30, 2022.
             Slain by a gnoll (7 damage)
             ... on level 1 of the Dungeon.
             The game lasted 00:04:10 (229 turns).

RascalDebosk the Conjurer (Draconian Conjurer)       Turns: 229, Time: 00:04:11

Health: -1/22      AC:  4    Str:  9    XL:     2   Next: 6%
Magic:  5/5        EV: 12    Int: 18    God:
Gold:   10         SH:  0    Dex:  9    Spells: 4/5 levels left

rFire   . . .      SeeInvis .   (no weapon)
rCold   . . .      Faith    .   (no shield)
rNeg    . . .      Spirit   .   (armour unavailable)
rPois   .          Reflect  .   (helmet restricted)
rElec   .          Harm     .   (no cloak)
rCorr   .          Rampage  .   (no gloves)
Will    .....                   (no boots)
Stlth   ++........              (no amulet)
HPRegen 0.07/turn               (no ring)
MPRegen 0.09/turn               (no ring)

@: no status effects
A: AC +4, unfitting armour, cold-blooded
a: no special abilities


You were on level 1 of the Dungeon.
You visited 1 branch of the dungeon, and saw 1 of its levels.

You collected 10 gold pieces.

Inventory:

Scrolls
 a - a scroll of magic mapping {unknown}


   Skills:
 + Level 0.5 Fighting
 + Level 1.9 Dodging
 + Level 2.0 Stealth
 + Level 2.1 Spellcasting
 + Level 4.1 Conjurations


You had 4 spell levels left.
You knew the following spells:

 Your Spells              Type           Power      Damage    Failure   Level
a - Magic Dart            Conj           64%        1d6       3%          1

Your spell library contained the following spells:

 Spells                   Type           Power      Damage    Failure   Level
 Searing Ray              Conj           32%        2d5       4%          2
 Dazzling Flash           Conj/Hex       18%        N/A       22%         3
 Fulminant Prism          Conj/Hex       4%         3d6       58%         4
 Iskenderun's Mystic Bla  Conj/Tloc      9%         2d4       58%         4


Dungeon Overview and Level Annotations

Branches:
Dungeon (1/15)

Altars:


Innate Abilities, Weirdness & Mutations

Your plain brown scales are hard. (AC +4)
You cannot fit into any form of body armour.
You are cold-blooded and may be slowed by cold attacks.


Message History

The frilled lizard closely misses you.
The hobgoblin hits you but does no damage.
You barely miss the hobgoblin.
The hobgoblin is severely wounded.
The frilled lizard bites you. The hobgoblin hits you.
You hit the hobgoblin but do no damage.
The hobgoblin is severely wounded.
The frilled lizard hisses.
The frilled lizard closely misses you. The hobgoblin hits you.
You barely miss the hobgoblin.
The hobgoblin is severely wounded.
The frilled lizard bites you but does no damage.
The hobgoblin completely misses you.
You hit the hobgoblin but do no damage. You tail-slap the hobgoblin.
You kill the hobgoblin!
The frilled lizard bites you.
You have reached level 2!
You barely miss the frilled lizard. The frilled lizard misses you.
You hit the frilled lizard but do no damage.
Your tail-slap misses the frilled lizard.
The frilled lizard barely misses you.
You hit the frilled lizard.
You kill the frilled lizard!
Found a scroll labelled VEVULEHUAMP.
a - a scroll labelled VEVULEHUAMP A gnoll comes into view.
It is wielding a +0 whip.
The gnoll shouts!
The gnoll hits you with a +0 whip. The gnoll hits you with a +0 whip.
You barely miss the gnoll. The gnoll closely misses you.
You closely miss the gnoll. The gnoll closely misses you.
You closely miss the gnoll. You punch the gnoll, but do no damage.
The gnoll hits you with a +0 whip.
* * * LOW HITPOINT WARNING * * *
You barely miss the gnoll. The gnoll hits you with a +0 whip.
* * * LOW HITPOINT WARNING * * *
You hit the gnoll but do no damage. The gnoll misses you.
You hit the gnoll but do no damage. The gnoll hits you but does no damage.
You hit the gnoll but do no damage. The gnoll hits you with a +0 whip!
You die...

#.# ....#
#.#####.###
#.# ####
#...........
##.##
#...........
....#
##..........
##..#
#..........
#..#
#..........
#..#
#..........
#..#
#..........
#..#
#.g@.......
#..#
#..........
#..#
#..........
###########


You could see a gnoll.

Vanquished Creatures
  An endoplasm (D:1)
  3 hobgoblins (D:1)
  A kobold (D:1)
  A quokka (D:1)
  A ball python (D:1)
  A frilled lizard (D:1)
8 creatures vanquished.

Notes
Turn   | Place    | Note
-------+----------+-------------------------------------------
     0 | D:1      | RascalDebosk the Draconian Conjurer began the quest for the
                  | Orb.
     0 | D:1      | Reached XP level 1. HP: 14/14 MP: 3/3
   198 | D:1      | Reached XP level 2. HP: 10/22 MP: 5/5
   229 | D:1      | Slain by a gnoll

Illustrated notes

Levels and vault maps discovered:
D:1:      minmay_arrival_diagonal_passages, layout_basic,
          hellmonk_ecumenical_altar_heavens_door

Skill      XL: |  1 |
---------------+----+-----
Stealth        | 2 |  2.0
Fighting       | |  0.5
Dodging        | |  1.9
Spellcasting   | |  2.1
Conjurations   | |  4.1

Action                   || total
-------------------------++-------
Melee: Unarmed           ||    24
       Tailslap          ||     2
       Punch             ||     1
 Cast: Magic Dart        ||    10
Armor: Skin              ||     8
Dodge: Dodged            ||    13
